Map: Tours du crépuscule

Players

llllllllllll - Winner!

  • Race: Zerg Zerg
  • League: Master

Slide

  • Race: Terran Terran
  • League: Grandmaster

VOD

https://www.youtube.com/watch?v=vV4sC4x6iws

Description

Time

  • Played on: Jan. 17, 2016, 9:42 p.m.
  • Length: 3:46
Show
View Real Time Build Order
Export as new Build Order

llllllllllll Zerg - Winner!

Build Orders: Pool First 

Get SALT Encoding   

  12  0:01  Drone  
  13  0:09  Drone  
  14  0:15  Extractor  
  13  0:29  Spawning Pool  
  13  0:32  Drone  
  13  0:38  Drone  
  14  0:46  Overlord  
  14  1:16  Queen  
  16  1:18  Roach Warren  
  15  1:58  Roach x3  
  21  2:09  Overlord  
  21  2:28  Ravager  
  23  2:30  Ravager x2  
  23  2:32  Zergling x8  
  28  2:40  Overlord  
  28  2:51  Zergling x2  
  28  2:57  Zergling x2  
  30  3:07  Hatchery  
  30  3:12  Zergling x4  
Show
View Real Time Build Order
Export as new Build Order

Slide Terran 

Build Orders: Command Center First (CC) 

Get SALT Encoding   

  12  0:01  SCV  
  13  0:13  SCV  
  14  0:17  Supply Depot  
  14  0:25  SCV  
  15  0:38  SCV  
  16  0:51  SCV  
  17  0:59  Command Center  
  17  1:03  SCV  
  18  1:15  Barracks  
  18  1:17  SCV  
  19  1:23  Refinery  
  19  1:29  SCV  
  19  1:30  Refinery  
  20  1:41  SCV  
  21  1:53  SCV  
  22  2:02  Marine  
  22  2:06  Orbital Command  
  23  2:11  Orbital Command  
  23  2:16  Factory  
  23  2:21  Barracks Reactor  
  23  2:31  SCV  
  24  2:37  SCV  
  24  2:43  SCV  
  26  2:49  SCV  
  27  2:53  Supply Depot  
  27  2:55  SCV  
  28  3:01  SCV  
  29  3:10  Widow Mine  
  29  3:11  SCV  
  31  3:16  SCV  
  32  3:20  Marine  
Tags
 
Add a new tag
Caveats
  • Supply blocks, unpowered buildings, or Contaminate may cause inaccurate times.
  • Supply counts are checked every 10 seconds.